 Dungeon Crawl Stone Soup version 0.28-b1-25-g9875b3fc8c (webtiles) character file.

Game seed: 7213669160175137661

14 crazypyro the Skirmisher (level 2, 24/24 HPs)
             Began as a Demonspawn Fighter on Jan 31, 2022.
             Quit the game on level 1 of the Dungeon.
             The game lasted 00:00:36 (382 turns).

crazypyro the Skirmisher (Demonspawn Fighter)        Turns: 382, Time: 00:00:36

Health: 24/24      AC:  6    Str: 16    XL:     2   Next: 27%
Magic:  2/2        EV:  8    Int:  9    God:
Gold:   30         SH:  4    Dex: 12    Spells: 1/1 levels left

rFire   . . .      SeeInvis .   a - +0 war axe
rCold   . . .      Faith    .   c - +0 buckler
rNeg    . . .      Spirit   .   b - +0 scale mail
rPois   .          Reflect  .   (no helmet)
rElec   .          Harm     .   (no cloak)
rCorr   .          Rampage  .   (no gloves)
Will    .....                   (no boots)
Stlth   ..........              (no amulet)
HPRegen 0.08/turn               (no ring)
MPRegen 0.08/turn               (no ring)

@: no status effects
A: demonic magic 1
a: no special abilities


You were on level 1 of the Dungeon.
You visited 1 branch of the dungeon, and saw 1 of its levels.

You collected 30 gold pieces.

Inventory:

Hand Weapons
 a - a +0 war axe (weapon)
Armour
 b - a +0 scale mail (worn)
 c - a +0 buckler (worn)
Scrolls
 f - a scroll of torment {unknown}
Potions
 d - a potion of might
 e - a potion of curing {unknown}


   Skills:
 + Level 3.2 Fighting
 * Level 2.3 Axes
 - Level 2.7 Armour
 - Level 2.7 Shields


You had one spell level left.
You didn't know any spells.
Your spell library was empty.

Dungeon Overview and Level Annotations

Branches:
Dungeon (1/15)

Altars:


Innate Abilities, Weirdness & Mutations

Spells you cast may paralyse adjacent enemies.


Message History

The dart slug launches a dart at you. The slug dart misses you.
You have reached level 2!
Your demonic ancestry asserts itself...
A menacing aura infuses your magic.
You slash the dart slug!
The dart slug is severely wounded.
The dart slug completely misses you.
You slash the dart slug!
You kill the dart slug!
No target in view!
e - a pink potion
f - a scroll labelled XELELA YTEDD An endoplasm comes into view.
The endoplasm quivers.
You see here 14 gold pieces.
An endoplasm is nearby!
You hit the endoplasm.
The endoplasm is moderately wounded.
You block the endoplasm's attack.
You slash the endoplasm!
You kill the endoplasm!
No target in view!
You now have 30 gold pieces (gained 14).
You see here a ball python skeleton.
Found a faded altar of an unknown god.
Found 19 sling bullets.
A goblin comes into view. It is wielding a +0 dagger.
The goblin shouts!
A goblin is nearby!
A goblin is nearby!
You see here 19 sling bullets.
You block the goblin's attack.
You hit the goblin.
The goblin is moderately wounded.
You block the goblin's attack.
You barely miss the goblin.
The goblin is moderately wounded.
The goblin hits you but does no damage. x2
Are you sure you want to abandon this character and quit the game? (Confirm with "yes".)

##8.. ##...# . ....# ..
#...# #..##...#####
#...........# #.....g...#
#..@#### ### ###(...# #.#
###.#.##.# ..
##'####..##.##.# ##_#
+...'..####.##.#.P...PP.P#
####.<.####
#....#....P.P..#
###..'...'..#
####.#...P...P.#
#..####'####..#
#.#.P.......# .### #.#
#.####..#.P.....#


You could see a goblin.

Vanquished Creatures
  2 dart slugs (D:1)
  3 ball pythons (D:1)
  An endoplasm (D:1)
  A goblin (D:1)
  A bat (D:1)
  2 kobolds (D:1)
10 creatures vanquished.

Vanquished Creatures (others)
  A demonic plant (D:1)
  A withered plant (D:1)
2 creatures vanquished.

Grand Total: 12 creatures vanquished

Notes
Turn   | Place    | Note
-------+----------+-------------------------------------------
     0 | D:1      | crazypyro the Demonspawn Fighter began the quest for the
                  | Orb.
     0 | D:1      | Reached XP level 1. HP: 18/18 MP: 1/1
   286 | D:1      | Gained mutation: Spells you cast may paralyse adjacent
                  | enemies. [demonic ancestry]
   286 | D:1      | Reached XP level 2. HP: 23/24 MP: 2/2
   366 | D:1      | Found a faded altar of an unknown god.
   382 | D:1      | Quit the game

Illustrated notes

Levels and vault maps discovered:
D:1:      dpeg_arrival_radiant, layout_loops_ring, serial_shops,
          nicolae_shop_statue_plus, shapermc_ecumenical_altar_gd

Skill      XL: |  1 |
---------------+----+-----
Axes           | 2 |  2.3
Fighting       | |  3.2
Armour         | |  2.7
Shields        | |  2.7

Action                   || total
-------------------------++-------
Melee: War axe           ||    29
Armor: Scale mail        ||    14
Dodge: Dodged            ||    11
Block: Buckler           ||     9
